 Dungeon Crawl Stone Soup version 0.20-a0-972-gb9bd3e6 (webtiles) character file.

20920 kuniqs the Fighter (level 12, -3/165 HPs)
             Began as a Grey Draconian Fighter on Apr 9, 2017.
             Was a High Priest of Okawaru.
             Engulfed by a red draconian's flame (13 damage)
             ... in a volcano.
             The game lasted 00:27:00 (14334 turns).

kuniqs the Fighter (Grey Draconian Fighter)        Turns: 14334, Time: 00:27:01

Health: -3/165     AC: 32    Str: 19    XL:     12   Next: 49%
Magic:  18/18      EV:  2    Int: 10    God:    Okawaru [*****.]
Gold:   338        SH: 14    Dex: 14    Spells: 11/11 levels left

rFire    . . .     SeeInvis .   v - +3 falchion (holy)
rCold    . . .     Gourm    .   b - +0 shield
rNeg     + + +     Faith    .   (armour unavailable)
rPois    +         Spirit   .   (helmet currently unavailable)
rElec    .         Reflect  .   (cloak currently unavailable)
rCorr    .         Harm     .   (gloves currently unavailable)
MR       .....     NoTele   +   (boots currently unavailable)
Stlth    +++.......             l - amulet of rage
Regen    0.4/turn               j - +4 ring of protection
MPRegen  0.2/turn               F - +2 ring of protection

@: exhausted, tree-form, heroism, slowed, very slow
A: (walk through water), unfitting armour, (stinger 0), (unbreathing),
(cold-blooded), subdued magic 1, AC +13
a: Heroism, Finesse, Renounce Religion, Evoke Berserk Rage


You were in a volcano.
You worshipped Okawaru.
Okawaru was extremely pleased with you.
You were very hungry.
You were a tree.
You visited 3 branches of the dungeon, and saw 17 of its levels.
You also visited: Volcano.

You collected 685 gold pieces.
You spent 347 gold pieces at shops.

Inventory:

Hand Weapons
 n - a +1 spear of venom
 v - a +3 falchion of holy wrath (weapon)
Armour
 b - a +0 shield (worn)
 D - a +1 pair of gloves of dexterity (melded)
 P - the +0 pair of gloves of the Endless Expanse {*Corrode +Blink rC+ rN+}
   (Okawaru gifted it to you on level 10 of the Dungeon)

   It protects you from cold.
   It protects you from negative energy.
   It lets you blink.
   It may corrode you when you take damage.
Jewellery
 j - a +4 ring of protection (left branch)
 l - an amulet of rage (around neck)
 F - a +2 ring of protection (right branch)
Wands
 p - a wand of flame (16/48)
 x - a wand of digging (8/24)
 G - a wand of polymorph (8/24)
 R - a wand of iceblast (7/15)
Scrolls
 g - 5 scrolls of remove curse {@r2}
 h - 7 scrolls of teleportation
 m - 3 scrolls of enchant weapon
 q - 2 scrolls of immolation
 r - a scroll of amnesia {unknown}
 s - a scroll of noise {unknown}
 u - 4 scrolls of identify {@r1}
 y - a scroll of acquirement {unknown}
 A - 2 scrolls of blinking {unknown}
 C - 4 scrolls of enchant armour {unknown}
 H - a scroll of silence {unknown}
 I - 2 scrolls of random uselessness {unknown}
 J - a scroll of recharging {unknown}
 N - a scroll of fear {unknown}
 O - a scroll of torment {unknown}
 Q - a scroll of summoning {unknown}
Potions
 c - 2 potions of might
 i - 6 potions of curing {@q1}
 k - 2 potions of lignification
 o - 3 potions of haste {unknown}
 t - a potion of brilliance {unknown}
 w - 4 potions of flight
 B - 4 potions of mutation {unknown}
 E - 2 potions of cancellation {unknown}
Miscellaneous
 M - a phial of floods
Comestibles
 d - 8 bread rations
 e - 4 meat rations
 f - 8 fruits
 K - 15 royal jellies
 L - 3 chunks of flesh


   Skills:
 + Level 11.0(16.0) Fighting
 + Level 10.3(15.3) Long Blades
 + Level 9.5(14.5) Dodging
 + Level 10.4(15.4) Shields
 - Level 8.2 Invocations


You had 11 spell levels left.
You didn't know any spells.

Dungeon Overview and Level Annotations

Branches:
Dungeon (14/15)            Temple (1/1) D:6            Lair (2/6) D:10
  Swamp: Lair:2-4    Shoals: Lair:2-4     Snake: Lair:2-4    Spider: Lair:2-4
    Orc: D:9-12      Vaults: D:13-14

Altars:
Ashenzari
Cheibriados
Dithmenos
Elyvilon
Fedhas
Gozag
Hepliaklqana
Kikubaaqudgha
Makhleb
Nemelex Xobeh
Okawaru
Qazlal
Ru
Sif Muna
Trog
Uskayaw
Vehumet
Wu Jian
Xom
Yredelemnul
Zin
The Shining One

Shops:
D:7 [   D:8 [*(

Annotations:
D:6 exclusion: 2 doors
D:12 Snorg


Innate Abilities, Weirdness & Mutations

((You can walk through water.))
((Your dull iron-grey scales are very hard. (AC +13)))
You cannot fit into any form of body armour.
((You can survive without breathing.))
((You are cold-blooded and may be slowed by cold attacks.))
((Your tail ends in a poisonous barb.))
Your spells are a little easier to cast, but a little less powerful.


Message History

The red draconian burns you.
* * * LOW HITPOINT WARNING * * *
You hit the red draconian.
The red draconian breathes flames at you.
The searing blast hits you!
* * * LOW HITPOINT WARNING * * *
You feel much better.
You are engulfed in blazing flames.
* * * LOW HITPOINT WARNING * * *
The red draconian hits you but does no damage. x2
You feel much better.
You are engulfed in blazing flames.
* * * LOW HITPOINT WARNING * * *
The red draconian hits you with a flail of flaming.
* * * LOW HITPOINT WARNING * * *
The red draconian burns you.
* * * LOW HITPOINT WARNING * * *
You completely miss the red draconian.
You are engulfed in blazing flames.
* * * LOW HITPOINT WARNING * * *
You block the red draconian's attack.
You closely miss the red draconian.
You are engulfed in blazing flames.
You die...

≈§≈##.#8(..8# ≈
≈≈≈§###.....###≈≈§≈
#≈≈§§§(.(..≈≈≈≈≈§#
##≈≈§≈8(.§8≈≈§§§§#
###§≈.....§§§≈≈#
#≈≈...§.≈≈≈###
##≈8...8≈§≈#
##d....#### #♣....#
#8...8# #.....#
#.....# #8...8#
#.....# #.....#
#8...8# #.....#


You could see a red draconian.

Vanquished Creatures
  2 hydras (D:11)
  2 two-headed ogres
  2 centaur warriors
  An unseen horror (D:10)
  An ugly thing (D:11)
  A black mamba (Lair:2)
  Psyche (D:10)
  A spiny frog (Lair:1)
  A rime drake (Lair:1)
  3 komodo dragons
  A yaktaur (Volcano)
  4 trolls
  2 queen bees
  3 hippogriffs
  Eustachio (D:6)
  20 yaks
  2 hungry ghosts
  2 vampire mosquitoes (D:10)
  2 hell hounds (D:10)
  4 water moccasins
  A porcupine (Lair:2)
  3 phantoms
  2 ice beasts
  3 sky beasts
  4 orc warriors
  3 black bears
  3 necrophages
  6 ogres
  A wolf (Lair:2)
  11 centaurs
  5 crocodiles
  A big kobold (D:11)
  5 bullfrogs
  A wyvern zombie (D:7)
  Dowan (D:6)
  A water moccasin zombie (D:8)
  2 jellies
  2 scorpions
  44 killer bees
  3 howler monkeys (D:10)
  3 crimson imps
  A bullfrog zombie (D:12)
  A quasit (D:6)
  6 orc priests
  2 centaur zombies (D:7)
  A hound (D:11)
  7 orc wizards
  2 bullfrog skeletons
  A centaur skeleton (D:5)
  6 iguanas
  12 worker ants
  3 hound skeletons
  A howler monkey skeleton (D:8)
  8 gnolls
  9 adders
  4 shadow imps
  3 adder zombies
  2 adder skeletons
  2 worms
  A dart slug (D:3)
  4 leopard geckos
  37 orcs
  8 bats
  4 giant cockroaches
  4 hobgoblins
  8 jackals
  13 kobolds
  3 quokkas
  A ball python (D:2)
  6 frilled lizards
  11 goblins
  A leopard gecko zombie (D:5)
  6 rats
339 creatures vanquished.

Vanquished Creatures (others)
  Duvessa (D:6)
1 creature vanquished.

Grand Total: 340 creatures vanquished

Notes
Turn   | Place    | Note
-------+----------+-------------------------------------------
     0 | D:1      | kuniqs the Draconian Fighter began the quest for the Orb.
     0 | D:1      | Reached XP level 1. HP: 19/19 MP: 1/1
   217 | D:1      | Reached XP level 2. HP: 23/26 MP: 2/2
   850 | D:2      | Reached XP level 3. HP: 30/33 MP: 3/3
  1275 | D:2      | Reached XP level 4. HP: 35/40 MP: 4/4
  1331 | D:2      | Reached skill level 4 in Fighting
  1800 | D:3      | Found a shadowy altar of Dithmenos.
  1856 | D:3      | Reached XP level 5. HP: 46/46 MP: 5/5
  1984 | D:3      | Found a glowing golden altar of the Shining One.
  2086 | D:3      | Found a stormy altar of Qazlal.
  2443 | D:4      | Noticed an ogre
  2560 | D:4      | Got a brightly glowing flail
  2561 | D:4      | Identified the cursed +1 flail "Ogreslayer" {venom, rPois} (You found it on level 4 of the Dungeon)
  2591 | D:4      | Noticed an ogre
  2632 | D:4      | Killed an ogre
  2632 | D:4      | Reached XP level 6. HP: 38/53 MP: 6/6
  3062 | D:3      | Reached skill level 5 in Fighting
  3296 | D:4      | Your scales start taking on a dull iron-grey colour.
  3296 | D:4      | Reached XP level 7. HP: 61/61 MP: 7/7
  3296 | D:4      | Gained mutation: You can survive without breathing. [Grey Draconian growth]
  3492 | D:4      | Found an opulent altar of Gozag.
  3908 | D:5      | Entered Level 5 of the Dungeon
  4003 | D:5      | Reached skill level 5 in Shields
  4612 | D:5      | Reached skill level 6 in Fighting
  4612 | D:5      | Reached skill level 5 in Long Blades
  4612 | D:5      | Reached skill level 5 in Dodging
  4612 | D:5      | Reached XP level 8. HP: 54/70 MP: 8/8
  4616 | D:5      | Gained mutation: You are weak. (Str -2) [mutagenic meat]
  4617 | D:5      | Gained mutation: Your tail ends in a poisonous barb. [mutagenic meat]
  4618 | D:5      | Gained mutation: Your spells are a little easier to cast, but a little less powerful. [mutagenic meat]
  4619 | D:5      | Lost mutation: You are weak. (Str -2) [mutagenic meat]
  4687 | D:6      | Noticed Eustachio
  4707 | D:6      | Killed Eustachio
  4775 | D:6      | Noticed Duvessa
  4784 | D:6      | Noticed Dowan
  4795 | D:6      | Killed Duvessa
  4797 | D:6      | Killed Dowan
  5035 | D:6      | Found a staircase to the Ecumenical Temple.
  5055 | Temple   | Entered the Ecumenical Temple
  5095 | Temple   | Became a worshipper of Warmaster Okawaru
  5261 | D:6      | Reached skill level 1 in Invocations
  5499 | D:6      | Reached skill level 7 in Fighting
  5532 | D:6      | Reached XP level 9. HP: 63/79 MP: 10/10
  5542 | D:6      | Found a hazy altar of Hepliaklqana.
  6027 | D:6      | Found a shimmering altar of Xom.
  6091 | D:7      | Reached * piety under Okawaru
  6192 | D:7      | Found a hide-covered altar of Uskayaw.
  6678 | D:7      | Found Ketemek's Antique Armour Boutique.
  6819 | D:7      | Found a blossoming altar of Fedhas.
  7113 | D:8      | Found a burning altar of Makhleb.
  7194 | D:8      | Found Fohoteso's Assorted Antiques.
  7201 | D:8      | Bought a scroll labeled IWAIW ZOSMI for 34 gold pieces
  7299 | D:8      | Reached skill level 8 in Fighting
  7311 | D:8      | Found Romeseos's Antique Armour Emporium.
  7317 | D:8      | Bought a pair of runed gloves for 157 gold pieces
  7668 | D:8      | Found a deep blue altar of Sif Muna.
  7675 | D:8      | Reached ** piety under Okawaru
  7711 | D:8      | Found Meriyng's Antique Weapon Boutique.
  7717 | D:8      | Bought a runed falchion for 156 gold pieces
  7920 | D:8      | Reached XP level 10. HP: 88/88 MP: 13/13
  7982 | D:8      | Found Ileyneru's Armour Shop.
  8105 | D:9      | Found an ornate altar of the Wu Jian Council.
  8252 | D:9      | Found a white marble altar of Elyvilon.
  8446 | D:9      | Found a basalt altar of Yredelemnul.
  8595 | D:9      | Reached skill level 5 in Invocations
  8779 | D:10     | Entered Level 10 of the Dungeon
  8785 | D:10     | Noticed a two-headed ogre
  8804 | D:10     | Killed a two-headed ogre
  8804 | D:10     | Reached *** piety under Okawaru
  8933 | D:10     | Noticed Psyche
  8941 | D:10     | Killed Psyche
  8941 | D:10     | Reached skill level 9 in Fighting
  8976 | D:10     | Found a staircase to the Lair.
  9407 | D:10     | Reached **** piety under Okawaru
  9848 | D:10     | Reached XP level 11. HP: 69/97 MP: 15/15
 10050 | D:10     | Killed an unseen horror
 10594 | D:10     | Noticed a centaur warrior
 10596 | D:10     | Found a sparkling altar of Nemelex Xobeh.
 10607 | D:10     | Killed a centaur warrior
 10817 | D:11     | Noticed a five-headed hydra
 10834 | D:11     | Killed a five-headed hydra
 10834 | D:11     | Reached ***** piety under Okawaru
 10877 | D:11     | Noticed a two-headed ogre
 10991 | D:11     | Killed a two-headed ogre
 11075 | D:11     | Noticed a purple ugly thing
 11084 | D:11     | Killed a purple ugly thing
 11160 | D:11     | Noticed an eight-headed hydra
 11209 | D:11     | Killed an eight-headed hydra
 11209 | D:11     | Reached skill level 10 in Fighting
 11325 | D:11     | Received a gift from Okawaru
 11919 | D:12     | Noticed a deep elf mage
 12080 | D:12     | Noticed Snorg
 12455 | D:14     | Noticed a brown ugly thing
 12457 | D:14     | Noticed a brown ugly thing
 12618 | Lair:1   | Entered Level 1 of the Lair of Beasts
 12694 | D:10     | Received a gift from Okawaru
 12702 | D:10     | Reached XP level 12. HP: 107/107 MP: 17/17
 12723 | D:10     | Got a pair of translucent gloves {god gift}
 12734 | D:10     | Identified the +0 pair of gloves of the Endless Expanse {*Corrode +Blink rC+ rN+} (Okawaru gifted it to you on level 10 of the Dungeon)
 13338 | Lair:1   | Reached skill level 10 in Shields
 13391 | Lair:1   | Reached skill level 10 in Long Blades
 14210 | Lair:2   | Found a dark tunnel.
 14269 | Volcano  | Entered a volcano
 14285 | Volcano  | Noticed a centaur warrior
 14298 | Volcano  | Found a bloodstained altar of Trog.
 14307 | Volcano  | Killed a centaur warrior
 14307 | Volcano  | Reached skill level 11 in Fighting
 14308 | Volcano  | Noticed a red draconian
 14326 | Volcano  | HP: 3/165 [red draconian] (15)]
 14326 | Volcano  | HP: 1/165 [red draconian/searing blast (3)]
 14334 | Volcano  | Engulfed by a red draconian's flame

Vault maps used:
D:1:      dpeg_arrival_houses_and_road, lemuel_another_geyser
D:3:      old_standard_altar, tso_altar, first_bread,
          nicolae_dithmenos_through_a_glass_darkly
D:4:      nicolae_overflow_hidden_temple
D:6:      cheibrodos_two_vegetables, kennysheep_mini_moat, old_standard_altar,
          temple_statues, grunt_tough_drop, uniq_duvessa, uniq_eustachio
D:7:      overflow_temple_1_default, overflow_temple_1_default, serial_shops,
          shop
D:8:      makhleb_blood_cavern_becter, lemuel_doored_altar, serial_shops,
          kennysheep_mini, shop, nicolae_shop_stone, shop_statue
D:9:      kennysheep_ying_yang, old_standard_altar
D:10:     lemuel_upstairs_altar, minmay_lair_entry_lava, david_nohive_1,
          minmay_misc_feat_enclosed, uniq_psyche
D:12:     four-leaf_vault, david_orc_1_choice, uniq_snorg
D:13:     hangedman_vaults_entry_quadrant_bands, hangedman_decor_diamond_cutter
D:14:     special_room
Temple:   jpeg_temple_alley_garden
Lair:1:   special_room, grunt_forest_stairs_basic
Lair:2:   enter_volcano_2, guppyfry_lair_drakes
Volcano:  kennysheep_volcano_temple

Skill      XL: |  1  2  3  4  5  6  7  8  9 10 11 12 |
---------------+-------------------------------------+-----
Dodging        | 3 4 5 7 8 9 |  9.5
Long Blades    | 3 4 5 6 7 8 9 10 | 10.3
Fighting       | 4 5 6 7 8 9 10 11 | 11.0
Shields        | 4 5 6 7 8 9 10 | 10.4
Invocations    | 1 4 6 7 8 |  8.2

Action                   |  1- 3 |  4- 6 |  7- 9 | 10-12 || total
-------------------------+-------+-------+-------+-------++-------
Melee: Long sword        |    88 |    10 |    67 |       ||   165
       Tailslap          |     9 |    22 |    59 |   199 ||   289
       Spear             |       |   178 |   335 |   199 ||   712
       Scimitar          |       |       |    98 |       ||    98
       Falchion          |       |       |    15 |   705 ||   720
Invok: Heroism           |       |       |       |     1 ||     1
 Abil: Evoke Berserk Rag |       |       |     2 |    10 ||    12
Evoke: Wand              |       |       |       |     2 ||     2
  Use: Potion            |       |     1 |       |     8 ||     9
       Scroll            |       |     1 |       |     6 ||     7
 Stab: Sleeping          |       |       |     5 |     2 ||     7
       Distracted        |       |       |       |     1 ||     1
  Eat: Chunk             |     1 |     7 |    19 |    23 ||    50
       Royal jelly       |       |       |     2 |     2 ||     4
       Bread ration      |       |       |       |     1 ||     1
Armor: Skin              |    29 |    35 |   180 |   283 ||   527
Dodge: Dodged            |    38 |    58 |   242 |   548 ||   886
Block: Shield            |    46 |    62 |   285 |   547 ||   940
       Rpst.: Long sword |    14 |     1 |     9 |       ||    24
       Scimitar          |       |       |    12 |       ||    12
       Falchion          |       |       |       |    94 ||    94
